 Dungeon Sprint DCSS version 0.23-a0-143-g1adec7b (webtiles) character file.

1190 Fang the Cleaver (level 8, -5/90 HPs)
             Began as a Gargoyle Berserker on Sept 5, 2018.
             Was a High Priest of Trog.
             Slain by a tyrant leech (13 damage)
             ... in the Dungeon (Sprint VII: "The Pits").
             The game lasted 00:02:24 (845 turns).

Fang the Cleaver (Gargoyle Berserker)                Turns: 845, Time: 00:02:25

Health: -5/90      AC:  8    Str: 28    XL:     8   Next: 43%
Magic:  8/8        EV: 14    Int:  8    God:    Trog [*****.]
Gold:   0          SH:  0    Dex:  9    Spells: 7/7 levels left

rFire    . . .     SeeInvis .   n - +2 broad axe "Dughem" {venom, *Slow +Blink rN++ Stlth+}
rCold    . . .     Gourm    .   (no shield)
rNeg     + + +     Faith    .   b - +0 animal skin
rPois    ∞         Spirit   .   (no helmet)
rElec    +         Reflect  .   (no cloak)
rCorr    .         Harm     .   (no gloves)
MR       .....     NoTele   +   (no boots)
Stlth    ..........             (no amulet)
HPRegen  0.25/turn              (no ring)
MPRegen  0.11/turn              (no ring)

@: berserking, very quick
A: negative energy resistance 1, electricity resistance, unbreathing,
petrification resistance, rot immunity, AC +5
a: Berserk, Trog's Hand, Brothers in Arms, Renounce Religion, Evoke Blink


You were in the Dungeon.
You worshipped Trog.
Trog was extremely pleased with you.
You were very hungry.

You visited 1 branch

Inventory:

Hand Weapons
 j - a +2 hand axe
 m - a +1 hand axe of chopping
 n - the +2 broad axe "Dughem" (weapon) {venom, *Slow +Blink rN++ Stlth+}
   (Trog gifted it to you in the Dungeon)

   It poisons the flesh of those it strikes.
   It greatly protects you from negative energy.
   It lets you blink.
   It may slow you when you take damage.
   It makes you more stealthy.
 p - a +4 vampiric executioner's axe
Armour
 b - a +0 animal skin (worn)
Scrolls
 i - a scroll of blinking
 k - 3 scrolls of remove curse
 l - a scroll of summoning
Potions
 a - 2 potions of invisibility
 d - 6 potions of curing
 e - 6 potions of heal wounds
 f - a potion of haste
 g - 4 potions of magic
 h - 3 potions of berserk rage
Comestibles
 c - 9 rations
 o - 7 chunks of flesh


   Skills:
 + Level 11.3 Fighting
 + Level 11.3 Axes
 + Level 4.7 Armour
 + Level 6.0 Dodging
 + Level 5.2 Stealth


You had 7 spell levels left.
You didn't know any spells.
Your spell library was empty.

Dungeon Overview and Level Annotations

Branches:
Dungeon (1/1)

Altars:
Cheibriados
Dithmenos
Elyvilon
Fedhas
Gozag
Hepliaklqana
Makhleb
Nemelex Xobeh
Okawaru
Qazlal
Ru
Sif Muna
Trog
Vehumet
Wu Jian
Xom
Yredelemnul
Zin
The Shining One
Beogh
Jiyva
Lugonu


Innate Abilities, Weirdness & Mutations

You are resistant to torment.
Your stone body is resilient. (AC +5)
You are immune to poison.
You resist negative energy. (rN+)
You are resistant to electric shocks. (rElec)
You can survive without breathing.
You are immune to petrification.
You are immune to rotting.


Message History

You slice the demonic crawler!!
The demonic crawler is severely wounded.
You closely miss the tyrant leech. The demonic crawler hits you. x2
The demonic crawler misses you. The tyrant leech bites you!!
* * * LOW HITPOINT WARNING * * *
Unknown command.
You are too injured to fight recklessly!
Unknown command.
You are too injured to fight recklessly!
You slice the demonic crawler!!
You kill the demonic crawler!
Trog accepts your kill.
Your Axes skill increases to level 11!
Your Dodging skill increases to level 6!
Your Stealth skill increases to level 5!
You slash the tyrant leech!
The tyrant leech is poisoned.
You slash the tyrant leech!
The tyrant leech is heavily wounded.
The tyrant leech bites you!
You die...

#)#.†########...<...#
#(#..'.)).[##.......#
#(#..#.)))[##.......#
#(###########.......#
#)......#..##########
#..#.#..#)######
#)##.##.#)#....#
#.......#'#w...#
#.##.##.#(@....+
#..#.#..#'#†...#
#.......'.#....#
################


You could see a tyrant leech.

Vanquished Creatures
  A cyclops (D)
  A demonic crawler (D)
  A hungry ghost (D)
  A floating eye (D)
  A porcupine (D)
  A quasit (D)
  2 gnoll shamans (D)
  An iron imp (D)
  A worker ant (D)
  7 gnolls (D)
  An ufetubus (D)
  An ooze (D)
  An orc (D)
  A giant cockroach (D)
  A hobgoblin (D)
  2 kobolds (D)
  A quokka (D)
  A frilled lizard (D)
  A leopard gecko skeleton (D)
  A quokka skeleton (D)
28 creatures vanquished.

Notes
Turn   | Place    | Note
-------+----------+-------------------------------------------
     0 | D        | Fang the Gargoyle Berserker began the quest for the Orb.
     0 | D        | Reached XP level 1. HP: 14/14 MP: 1/1
   220 | D        | Found a bloodstained altar of Trog.
   220 | D        | Found a deep blue altar of Sif Muna.
   220 | D        | Found a viscous altar of Jiyva.
   220 | D        | Found a hazy altar of Hepliaklqana.
   220 | D        | Found an opulent altar of Gozag.
   221 | D        | Found a glowing golden altar of the Shining One.
   221 | D        | Found a glowing silver altar of Zin.
   221 | D        | Found a basalt altar of Yredelemnul.
   221 | D        | Found a shimmering altar of Xom.
   221 | D        | Found an ornate altar of the Wu Jian Council.
   221 | D        | Found a sacrificial altar of Ru.
   221 | D        | Found a stormy altar of Qazlal.
   221 | D        | Found an iron altar of Okawaru.
   221 | D        | Found a sparkling altar of Nemelex Xobeh.
   221 | D        | Found a burning altar of Makhleb.
   221 | D        | Found a blossoming altar of Fedhas.
   221 | D        | Found a white marble altar of Elyvilon.
   221 | D        | Found a shadowy altar of Dithmenos.
   221 | D        | Found a snail-covered altar of Cheibriados.
   223 | D        | Found a radiant altar of Vehumet.
   223 | D        | Found a corrupted altar of Lugonu.
   223 | D        | Found a roughly hewn altar of Beogh.
   268 | D        | Reached ** piety under Trog
   306 | D        | Noticed a floating eye
   309 | D        | Paralysed by a floating eye for 4 turns
   313 | D        | Killed a floating eye
   313 | D        | Reached skill level 5 in Axes
   313 | D        | Reached skill level 1 in Stealth
   313 | D        | Reached XP level 2. HP: 23/23 MP: 2/2
   313 | D        | Reached XP level 3. HP: 28/28 MP: 3/3
   313 | D        | Reached XP level 4. HP: 32/32 MP: 4/4
   328 | D        | Reached *** piety under Trog
   329 | D        | Reached XP level 5. HP: 28/38 MP: 5/5
   466 | D        | Noticed a hungry ghost
   482 | D        | Reached **** piety under Trog
   500 | D        | Killed a hungry ghost
   500 | D        | Reached XP level 6. HP: 45/46 MP: 6/6
   503 | D        | Reached ***** piety under Trog
   537 | D        | Received a gift from Trog
   557 | D        | Got an encrusted broad axe {god gift}
   558 | D        | Identified the +2 broad axe "Dughem" {venom, *Slow +Blink
                  | rN++ Stlth+} (Trog gifted it to you in the Dungeon)
   684 | D        | Noticed a cyclops
   689 | D        | Killed a cyclops
   689 | D        | Reached skill level 10 in Fighting
   689 | D        | Reached skill level 10 in Axes
   689 | D        | Reached skill level 5 in Dodging
   689 | D        | Reached XP level 7. HP: 53/53 MP: 7/7
   743 | D        | Received a gift from Trog
   743 | D        | Reached XP level 8. HP: 58/59 MP: 8/8
   838 | D        | Noticed a tyrant leech
   838 | D        | Noticed a demonic crawler
   844 | D        | Killed a demonic crawler
   844 | D        | Reached skill level 5 in Stealth
   845 | D        | Slain by a tyrant leech

Vault maps used:
D:        pitsprint

Skill      XL: |  1  2  3  4  5  6  7  8 |
---------------+-------------------------+-----
Axes           | 5 6 8 10 11 | 11.3
Fighting       | 6 7 9 10 11 | 11.3
Armour         | 3 4 |  4.7
Dodging        | 2 3 4 5 6 |  6.0
Stealth        | 1 2 4 5 |  5.2

Action                   |  1- 3 |  4- 6 |  7- 9 || total
-------------------------+-------+-------+-------++-------
Melee: Hand axe          |    13 |    65 |       ||    78
       Broad axe         |       |     4 |    13 ||    17
Invok: Berserk           |       |     2 |     2 ||     4
 Stab: Sleeping          |     1 |     1 |       ||     2
  Eat: Chunk             |       |     3 |     2 ||     5
Armor: Animal skin       |     6 |    28 |     3 ||    37
Dodge: Dodged            |     4 |    52 |    14 ||    70

Table legend:
 A = Non-vault XP
 B = Vault XP
 C = Vault XP percentage of total XP
 D = Non-vault monster count
 E = Vault monster count
 F = Vault count percentage of total count
                 A         B        C        D         E       F
            +---------+---------+-------+---------+---------+-------
      Total |       0 |    1701 | 100.0 |       0 |      28 | 100.0
            +---------+---------+-------+---------+---------+-------
          D |       0 |    1701 | 100.0 |       0 |      28 | 100.0
            +---------+---------+-------+---------+---------+-------
